 Dungeon Crawl Stone Soup version 0.30-a0-879-ga8ba668304 (webtiles) character file.

Game seed: 17584423446813129799

168 FallingFreak the Grasshopper (level 5, -5/43 HPs)
             Began as an Armataur Warper on Mar 12, 2023.
             Killed by divine providence
             ... invoked by an orc priest
              (12 damage)
             ... on level 3 of the Dungeon.
             The game lasted 00:20:24 (3426 turns).

FallingFreak the Grasshopper (Armataur Warper)      Turns: 3426, Time: 00:20:24

Health: -5/43      AC:  5    Str: 20    XL:     5   Next: 23%
Magic:  8/9        EV:  9    Int: 16    God:
Gold:   136        SH:  0    Dex:  9    Spells: 2/9 levels left

rFire   . . .      SeeInvis .    b - +2 falchion (elec)
rCold   . . .      Faith    .    (no shield)
rNeg    . . .      Spirit   .    u - +1 leather armour of Benevolence {Str+4}
rPois   .          Reflect  .    (no helmet)
rElec   .          Roll     +    (no cloak)
rCorr   .                        (no gloves)
Will    .....                    (no barding)
Stlth   +                        (no amulet)
HPRegen 0.27/turn                (no ring)
MPRegen 0.11/turn                (no ring)

@: no status effects
A: large, rugged brown scales 3, deformed body, armoured tail, roll, long
tongue, awkward tongue
a: no special abilities


You were on level 3 of the Dungeon.
You visited 1 branch of the dungeon, and saw 4 of its levels.

You collected 136 gold pieces.

Inventory:

Hand Weapons
 a - a +0 morningstar
 b - a +2 falchion of electrocution (weapon)
 v - a +0 mace
 w - a +1 sling of draining
 y - a +0 flail
Missiles
 c - 9 poisoned darts
 d - 3 boomerangs of dispersal {!f}
 e - 2 atropa-tipped darts (quivered)
 o - 22 stones
Armour
 n - a +0 ring mail
 u - the +1 leather armour of Benevolence (worn) {Str+4}
   (You found it on level 2 of the Dungeon)

   Str:       It affects your strength (+4).
 x - a +0 leather armour
Scrolls
 f - 2 scrolls of blinking
 i - a scroll of teleportation {unknown}
 k - a scroll of immolation {unknown}
 l - 4 scrolls of identify {unknown}
 p - a scroll of poison {unknown}
 q - a scroll of amnesia {unknown}
 r - a scroll of enchant armour {unknown}
 s - a scroll of vulnerability {unknown}
 t - 2 scrolls of fog {unknown}
 A - a scroll of butterflies {unknown}
Potions
 g - a potion of heal wounds {unknown}
 h - a potion of resistance {unknown}
 j - a potion of flight {unknown}
 m - 2 potions of attraction {unknown}
 z - a potion of curing {unknown}
 B - a potion of ambrosia {unknown}


   Skills:
 + Level 1.9 Fighting
 - Level 2.7 Maces & Flails
 - Level 0.8 Throwing
 + Level 3.2 Armour
 - Level 1.3 Dodging
 + Level 2.7 Spellcasting
 + Level 3.9 Translocations


You had 2 spell levels left.
You knew the following spells:

 Your Spells              Type           Power      Damage    Failure   Level
c - Blink                 Tloc           28%        N/A       7%          2
A - Teleport Other        Tloc           14%        N/A       13%         3
Z - Lesser Beckoning      Tloc           28%        N/A       7%          2

Your spell library contained the following spells:

 Spells                   Type           Power      Damage    Failure   Level
 Vhi's Electric Charge    Tloc/Air       16%        N/A       30%         3
 Manifold Assault         Tloc           14%        N/A       41%         4


Dungeon Overview and Level Annotations

Branches:
Dungeon (4/15) Zot: 20511
 Temple: D:4-7

Altars:
Cheibriados
Fedhas
Qazlal
Vehumet
Wu Jian

Annotations:
D:2 2 exclusions
D:4 2 runed translucent doors


Innate Abilities, Weirdness & Mutations

You are completely covered in rugged brown scales. (AC +3, +7% HP)
Armour fits poorly on your strangely shaped body.
You have a long armoured tail.
You roll when moving toward enemies. (Rampage)
Your long tongue fully drains potion bottles. (2x potion effects)
Your tongue gives you trouble enunciating. (1.5x scroll delay)


Message History

You barely miss the orc priest.
The orc priest calls down the wrath of Beogh upon you.
Beogh smites you!
Unknown command.
Hit: b) +2 falchion (elec)
Press: ? - help, Dir - move target, f/p - orc priest
Aim: an orc priest, wielding a +0 short sword (about 44% to evade your +2 falchion of electrocution)
You closely miss the orc priest. The orc priest closely misses you.
The orc priest calls down the wrath of Beogh upon you.
Beogh smites you!
* * * LOW HITPOINT WARNING * * *
Unknown command.
The orc priest hits you with a +0 short sword.
* * * LOW HITPOINT WARNING * * *
You climb upwards.
There is a stone staircase leading down here.
You aren't carrying any items that you can evoke.
Throw: 3 darts (atropa)
Press: ? - help, Q - select action, (/) - cycle Shift-Dir - straight line, f - orc priest
Aim: an orc priest, wielding a +0 short sword (52% to hit, chance to blind on hit: 75%)
You throw an atropa-tipped dart.
The atropa-tipped dart hits the orc priest.
The orc priest appears confused.
The orc priest hits you but does no damage.
You slash the orc priest!
The orc priest is heavily wounded.
The orc priest seems less confused.
The orc priest hits you but does no damage.
You hit the orc priest.
The orc priest is severely wounded.
The orc priest hits you with a +0 short sword.
* * * LOW HITPOINT WARNING * * *
You hit the orc priest. Your punch misses the orc priest.
The orc priest is severely wounded.
The orc priest is no longer blind.
The orc priest hits you with a +0 short sword.
* * * LOW HITPOINT WARNING * * *
The orc priest mumbles some strange prayers to Beogh against you.
Beogh smites you!
You die...

#......###..o###......)..#
#.#####.....@#####..#....#####
#.# #.............#.#.#.....
#.# #..#.##.####..#.#.#.#...
#.# #..#.....# #..#.#.#.#.##
#.# #..####.## #..#.#.#.#.#
#.# #..# #.####..#.#.#.#.##
#.# #..####.......#.#.#....#
#†#####..##..<.....##.........
#.............##........##...#
#######..##...##.#.###########
#..#######.#.# ###
#..........#.# ###..
##.#########.# #....
#...........### #.#..
###########...#####.#..
###..#......#


You could see an orc priest.

Vanquished Creatures
  An iguana (D:3)
  3 gnolls
  3 adders
  A worm (D:2)
  A dart slug (D:3)
  8 orcs
  4 ball pythons (D:1)
  5 bats
  11 endoplasms
  3 giant cockroaches
  6 goblins
  3 hobgoblins
  6 jackals
  A kobold (D:1)
  3 quokkas
  A frilled lizard (D:3)
  3 rats
63 creatures vanquished.

Notes
Turn   | Place    | Note
-------+----------+-------------------------------------------
     0 | D:1      | FallingFreak the Armataur Warper began the quest for the
                  | Orb.
     0 | D:1      | Reached XP level 1. HP: 18/18 MP: 3/3
   219 | D:1      | Reached XP level 2. HP: 13/25 MP: 4/4
   222 | D:1      | Learned a level 2 spell: Blink
  1033 | D:1      | Learned a level 2 spell: Lesser Beckoning
  1221 | D:2      | Increase (s)trength, (i)ntelligence, or (d)exterity?
  1221 | D:2      | Reached XP level 3. HP: 29/31 MP: 6/6
  1403 | D:2      | Found a blossoming altar of Fedhas.
  1645 | D:2      | Identified the +1 leather armour of Benevolence {Str+4}
  2046 | D:3      | Reached XP level 4. HP: 33/38 MP: 7/7
  2461 | D:2      | You miscast Blink.
  2593 | D:2      | Learned a level 3 spell: Teleport Other
  2721 | D:3      | Found an ornate altar of the Wu Jian Council.
  2844 | D:3      | Reached XP level 5. HP: 43/43 MP: 8/8
  2869 | D:3      | Found a stormy altar of Qazlal.
  3068 | D:3      | Found a large runed translucent door.
  3069 | D:3      | Found a large runed translucent door.
  3367 | D:3      | Found a radiant altar of Vehumet.
  3370 | D:3      | Found a snail-covered altar of Cheibriados.
  3413 | D:4      | Found a large runed translucent door.
  3413 | D:4      | Found a large runed translucent door.
  3426 | D:3      | Killed from afar by an orc priest

Illustrated notes

Levels and vault maps discovered:
D:1:      dpeg_arrival_arbitrary_c, layout_basic
D:2:      layout_basic, serial_glass, glass_columns_a, glass_columns_c,
          feat_on_display, due_unseen_surprise, item_on_display_a, basic_altar
D:3:      layout_loops_ring, jmf_multi_god_temple2,
          mainiacjoe_overflow_chevrons, mainiacjoe_overflow_surrounded_room
D:4:      layout_basic, lemuel_zombie_altar_yredelemnul, minmay_splitting_lines,
          chequers_serial_rivers_room_b, minmay_hollow_rounded_squares

Skill      XL: |  1  2  3  4 |
---------------+-------------+-----
Maces & Flails | 2 |  2.7
Spellcasting   | 2 |  2.7
Armour         | 2 3 |  3.2
Fighting       | |  1.9
Throwing       | |  0.8
Dodging        | |  1.3
Translocations | |  3.9

Action                     |  1- 3 |  4- 6 || total
---------------------------+-------+-------++-------
  Melee: Mace              |   103 |    26 ||   129
         Tailslap          |     7 |     9 ||    16
         Falchion          |       |    68 ||    68
  Throw: Dart              |    17 |    11 ||    28
         Boomerang         |       |     4 ||     4
   Cast: Lesser Beckoning  |       |     2 ||     2
         Blink             |       |     1 ||     1
   Stab: Invisible         |       |     2 ||     2
 Armour: Leather armour    |    39 |    41 ||    80
  Dodge: Dodged            |    59 |    48 ||   107

Table legend: (Time is in decaauts)
 A = Elapsed time spent in this place.
 B = Non-inter-level travel time spent in this place.
 C = Inter-level travel time spent in this place.
 D = Time resting spent in this place.
 E = Time spent auto-exploring this place.
 F = Levels seen in this place.
 G = Mean time per level.
                   A        B        C        D        E       F      G
               +--------+--------+--------+--------+--------+-----+--------+
         Total |   3487 |   3350 |    137 |    562 |   2128 |   4 |  871.8 |
       Dungeon |   3487 |   3350 |    137 |    562 |   2128 |   4 |  871.8 |
               +--------+--------+--------+--------+--------+-----+--------+

Top non-repeatable levels by time:
     D:2: 1431 daAuts
     D:1: 1068 daAuts
     D:3: 971 daAuts
     D:4: 16 daAuts
